 Dungeon Crawl Stone Soup version 0.31-a0-271-gb88eb75e06 (webtiles) character file.

Game seed: 9803871259629530073

6392 senseless the Grappler (level 10, -4/153 HPs)
             Began as a Troll Shapeshifter on July 14, 2023.
             Was a Priest of Wu Jian.
             Slain by an orc warrior
             ... wielding a +0 halberd
              (10 damage)
             ... on level 9 of the Dungeon.
             The game lasted 00:15:04 (6649 turns).

senseless the Grappler (Troll Shapeshifter)         Turns: 6649, Time: 00:15:05

Health: -4/153     AC:  6    Str: 33    XL:     10   Next: 66%
Magic:  9/9        EV: 12    Int:  4    God:    Wu Jian [***...]
Gold:   590        SH:  0    Dex: 12    Spells: 9/9 levels left

rFire   . .          .
                       - Unarmed
rCold   . . .        (no shield)
rNeg    . . .        a - +2 animal skin
rPois   .            (helmet currently unavailable)
rElec   .            f - melded scarf {repulsion}
rCorr   .            (gloves unavailable)
SInv    +            (boots unavailable)
Will    .....        (no amulet) Stlth
                     C - ring of see invisible
HPRegen 1.25/turn    B - +6 ring of strength
MPRegen 0.11/turn

%: no passive effects
@: berserking, lethally poisoned (-4 -> -8), beast-form, very quick
A: beast (slay +5), large, unfitting armour, claws 3, regeneration 1, shaggy fur
1, tough skin 1
a: Begin Untransformation, Renounce Religion, Wall Jump, Serpent's Lash


You were on level 9 of the Dungeon.
You worshipped Wu Jian.
Wu Jian was most pleased with you.
You were a hulking beast.
You visited 2 branches of the dungeon, and saw 10 of its levels.

You collected 590 gold pieces.

Inventory:

Hand Weapons
 h - a +3 dagger of draining
 s - the +5 sling of Foul Odours {elec, Contam rPois rN+ Str+3}
   (You found it on level 6 of the Dungeon)

   Str:       It affects your strength (+3).
   rPois:     It protects you from poison.
   rN:        It protects you from negative energy.
   Contam:    It causes magical contamination when unequipped.
 F - the +9 falchion of the Cup {elec, +Blink Stlth+}
   (You found it on level 9 of the Dungeon)

   +Blink:    It lets you blink.
   Stlth:     It makes you more stealthy.
Armour
 a - a +2 animal skin (worn)
 f - a scarf of repulsion (melded)
 w - a +0 cloak
Jewellery
 y - a ring of resist corrosion
 B - a +6 ring of strength (right claw)
 C - a ring of see invisible (left claw)
Talismans
 c - a beast talisman
Wands
 i - a wand of roots (24)
 k - a wand of charming (22)
 r - a wand of flame (13) (quivered)
 z - a wand of polymorph (14)
 D - a wand of light (10)
Scrolls
 m - 6 scrolls of teleportation
 o - a scroll of fog
 u - a scroll of enchant armour
 x - a scroll of revelation
 E - 3 scrolls of identify
 G - a scroll of enchant weapon
Potions
 b - 2 potions of lignification
 d - 2 potions of ambrosia
 e - 2 potions of mutation
 g - 2 potions of might
 j - 2 potions of berserk rage
 l - a potion of attraction
 n - 5 potions of haste
 p - 4 potions of curing {unknown}
 q - 2 potions of brilliance {unknown}
 t - 2 potions of heal wounds {unknown}
 v - a potion of resistance {unknown}
 A - a potion of cancellation {unknown}
 H - a potion of invisibility {unknown}


   Skills:
 + Level 7.0 Fighting
 + Level 7.0 Dodging
 + Level 8.4 Unarmed Combat
 + Level 7.5 Shapeshifting


You had 9 spell levels left.
You didn't know any spells.
Your spell library contained the following spells:

 Spells                   Type           Power      Damage    Failure   Level
 Apportation              Tloc           0%         N/A       50%         1
 Freeze                   Ice            0%         1d3       50%         1
 Shock                    Conj/Air       0%         1d3       50%         1
 Summon Small Mammal      Summ           0%         N/A       50%         1
 Blink                    Tloc           0%         N/A       65%         2
 Lesser Beckoning         Tloc           0%         N/A       65%         2
 Momentum Strike          Conj/Tloc      0%         3d8       65%         2
 Sublimation of Blood     Necr           0%         N/A       65%         2
 Wereblood                Tmut           0%         N/A       65%         2
 Call Canine Familiar     Summ           0%         N/A       86%         3
 Frozen Ramparts          Ice            0%         1d1       86%         3
 Hailstorm                Conj/Ice       0%         3d3       86%         3
 Summon Guardian Golem    Hex/Summ       0%         N/A       86%         3
 Swiftness                Air            0%         N/A       86%         3
 Airstrike                Air            0%         2d(0-16)  99%         4
 Alistair's Intoxication  Tmut/Pois      0%         N/A       100%        5
 Summon Hydra             Summ           0%         N/A       100%        7


Dungeon Overview and Level Annotations

Branches:
Dungeon (9/15)             Temple (1/1) D:4            Lair (0/5) D:8
    Orc: D:9-12

Altars:
Ashenzari
Cheibriados
Dithmenos
Elyvilon
Fedhas
Gozag
Hepliaklqana
Kikubaaqudgha
Makhleb
Nemelex Xobeh
Okawaru
Qazlal
Ru
Sif Muna
Trog
Uskayaw
Vehumet
Wu Jian
Xom
Yredelemnul
Zin
The Shining One

Shops:
D:9 [


Innate Abilities, Weirdness & Mutations

You are a hulking beast.
Your limbs bulge with bestial killing power. (Slay +5)
You are too large for most types of armour.
You have claws for hands.
Your natural rate of healing is unusually fast.
You are covered in fur. (AC +1)
You have tough skin. (AC +1)


Message History

You are more poisoned.
The orc warrior hits you but does no damage.
Items here: ! ))) [[ ††.
You barely miss the orc warrior.
You feel very sick. The orc hits you but does no damage.
You are more poisoned.
The orc priest looks encouraged for a moment.
The orc priest looks braver for a moment.
You mangle the orc!!
You kill the orc!
The Council accepts your kill.
You feel very sick.
You barely miss the orc priest.
You feel very sick.
The orc warrior hits you from afar with a +0 halberd!
* * * LOW HITPOINT WARNING * * *
The orc priest looks satisfied for a moment.
An orc wizard comes into view.
It is wielding a +1 dagger of protection.
The orc warrior hits you with a +0 halberd!
* * * LOW HITPOINT WARNING * * *
You are too berserk!
You mangle the orc priest!!
You kill the orc priest!
The Council accepts your kill.
You feel very sick.
You mangle the orc warrior!!
The orc warrior is almost dead.
You feel sick.
The orc warrior hits you from afar with a +0 halberd.
* * * LOW HITPOINT WARNING * * *
The orc warrior hits you with a +0 halberd!
* * * LOW HITPOINT WARNING * * *
The orc misses you.
Okay, then.
You barely miss the orc.
* * * LOW HITPOINT WARNING * * *
You feel sick.
The orc warrior hits you from afar with a +0 halberd!
You die...

..........################....#
..............## ##...#
..........###..### #####
.................#
............#...####
............##.###8## #
.#.....#######.##...#...
######## #.#))o.....
#.)hoo...o. ###o.o.....
##...#... #8## # ##


You could see 2 orc warriors, 2 orc priests, an orc wizard and an orc.

Vanquished Creatures
  Maurice (D:8)
  An elephant (D:8)
  A troll (D:9)
  Sigmund (D:4)
  8 yaks
  A basilisk (D:8)
  A wyvern (D:9)
  3 water moccasins
  3 sky beasts
  An orc warrior (D:9)
  4 ice beasts
  2 black bears (D:8)
  3 ogres
  4 centaurs
  A kobold brigand (D:6)
  A bullfrog (D:9)
  7 scorpions
  11 killer bees (D:9)
  2 howler monkeys
  6 hounds
  A jelly (D:6)
  4 orc priests
  2 iguanas
  A sleepcap (D:5)
  Ijyb (D:5)
  15 orc wizards
  Robin (D:5)
  7 gnolls
  9 adders
  A shadow imp (D:6)
  An ufetubus (D:6)
  2 worms
  5 dart slugs
  28 orcs
  6 ball pythons
  7 endoplasms
  5 giant cockroaches
  7 goblins
  4 hobgoblins
  2 jackals (D:4)
  4 quokkas
  3 bats
  2 frilled lizards (D:1)
  4 kobolds
  4 rats
188 creatures vanquished.

Notes
Turn   | Place    | Note
-------+----------+-------------------------------------------
     0 | D:1      | senseless the Troll Shapeshifter began the quest for the
                  | Orb.
     0 | D:1      | Reached XP level 1. HP: 19/19 MP: 0/0
   357 | D:1      | Reached XP level 2. HP: 23/28 MP: 1/1
   832 | D:2      | Reached XP level 3. HP: 32/35 MP: 2/2
  1085 | D:2      | Reached XP level 4. HP: 42/42 MP: 3/3
  1439 | D:3      | Reached skill level 3 in Unarmed Combat
  1802 | D:3      | Reached XP level 5. HP: 50/50 MP: 4/4
  1860 | D:3      | You fall into a shaft and drop 1 floor!
  1878 | D:4      | Found a staircase to the Ecumenical Temple.
  1879 | D:4      | Noticed a water moccasin
  1888 | D:4      | Killed a water moccasin
  1892 | Temple   | Entered the Ecumenical Temple
  2068 | Temple   | Became a worshipper of the Wu Jian Council
  2109 | D:4      | Reached XP level 6. HP: 32/61 MP: 5/5
  2534 | D:4      | Reached skill level 4 in Unarmed Combat
  2738 | D:4      | Noticed Sigmund
  2742 | D:4      | Reached XP level 7. HP: 53/67 MP: 6/6
  2747 | D:4      | Killed Sigmund
  3212 | D:5      | Entered Level 5 of the Dungeon
  3237 | D:5      | Reached XP level 8. HP: 78/78 MP: 7/7
  3286 | D:5      | Reached skill level 5 in Unarmed Combat
  3310 | D:5      | Found a shadowy altar of Dithmenos.
  3333 | D:5      | Noticed Robin
  3334 | D:5      | Noticed Ijyb
  3339 | D:5      | Killed Ijyb
  3346 | D:5      | Killed Robin
  3349 | D:5      | Reached * piety under Wu Jian
  3360 | D:5      | Reached skill level 5 in Shapeshifting
  3567 | D:5      | Found a sparkling altar of Nemelex Xobeh.
  3657 | D:5      | Found an ancient bone altar of Kikubaaqudgha.
  4034 | D:6      | Found a faded altar of an unknown god.
  4035 | D:6      | Found a hazy altar of Hepliaklqana.
  4186 | D:6      | Identified the +5 sling of Foul Odours {elec, Contam rPois
                  | rN+ Str+3}
  4302 | D:6      | Reached skill level 5 in Fighting
  4302 | D:6      | Reached skill level 5 in Dodging
  4302 | D:6      | Reached skill level 6 in Unarmed Combat
  4398 | D:6      | Reached XP level 9. HP: 88/88 MP: 8/8
  4849 | D:7      | Identified the +0 leather armour "Ydghoim" {rC+ Dex+2}
  4895 | D:7      | Reached ** piety under Wu Jian
  5088 | D:7      | Reached skill level 7 in Unarmed Combat
  5578 | D:8      | Found a staircase to the Lair.
  5578 | D:8      | Noticed an elephant
  5599 | D:8      | Killed an elephant
  5600 | D:8      | Reached XP level 10. HP: 77/98 MP: 9/9
  5943 | D:8      | Noticed Maurice
  5954 | D:8      | Killed Maurice
  6009 | D:8      | Found a white marble altar of Elyvilon.
  6012 | D:8      | Found a bloodstained altar of Trog.
  6306 | D:9      | Found Nic Woo's Armour Emporium.
  6317 | D:9      | Reached skill level 8 in Unarmed Combat
  6389 | D:9      | Reached *** piety under Wu Jian
  6464 | D:9      | Found an iron altar of Okawaru.
  6470 | D:9      | Identified the +9 falchion of the Cup {elec, +Blink Stlth+}
  6648 | D:9      | HP: 7/153 [orc warrior/+0 halberd (15)]
  6649 | D:9      | Slain by an orc warrior

Illustrated notes

Levels and vault maps discovered:
D:1:      dpeg_arrival_arbitrary_c, layout_basic, dreamdust_princess_corridor
D:2:      layout_loops_ring, minmay_tetromino_l4
D:3:      layout_loops_ring, grunt_ministairs_4, corexii_item_surrounded_by_moat
D:4:      layout_basic, minmay_temple_entry_statues_fountains, uniq_sigmund
D:5:      layout_rooms, grunt_dithmenos_smoke, mainiacjoe_overflow_boulevard,
          mainiacjoe_overflow_six_doors_small, nicolae_goblin_pals
D:6:      layout_loops_corners, beargit_hepliaklqana_dungeon_heroes
D:7:      layout_basic
D:8:      layout_basic, chequers_temple_overflow_statue_of_worship,
          david_lair_generic, uniq_maurice
D:9:      layout_rooms, okawaru_ov_weapons_minmay, david_orc_4, serial_shops,
          shop
Temple:   bh_familiar_temple

Skill      XL: |  1  2  3  4  5  6  7  8  9 10 |
---------------+-------------------------------+-----
Fighting       | 2 3 4 5 6 7 |  7.0
Dodging        | 2 3 4 5 6 7 |  7.0
Unarmed Combat | 3 4 6 7 8 |  8.4
Shapeshifting  | 4 5 6 7 |  7.5

Action                     |  1- 3 |  4- 6 |  7- 9 | 10-12 || total
---------------------------+-------+-------+-------+-------++-------
  Melee: Unarmed           |    54 |    96 |   204 |   118 ||   472
         Punch             |       |     1 |    10 |     4 ||    15
Ability: Lunge             |       |     3 |    17 |     7 ||    27
  Evoke: Wand              |       |       |     1 |       ||     1
    Use: Scroll            |       |       |    18 |       ||    18
         Potion            |       |       |       |     1 ||     1
   Stab: Sleeping          |     1 |       |     1 |     1 ||     3
 Armour: Animal skin       |    17 |    16 |    50 |    33 ||   116
  Dodge: Dodged            |    12 |    38 |   100 |    62 ||   212
         Form:             |       |       |     1 |       ||     1
         Beast             |       |       |     1 |       ||     1

Table legend: (Time is in decaauts)
 A = Elapsed time spent in this place.
 B = Non-inter-level travel time spent in this place.
 C = Inter-level travel time spent in this place.
 D = Time resting spent in this place.
 E = Time spent auto-exploring this place.
 F = Levels seen in this place.
 G = Mean time per level.
                   A        B        C        D        E       F      G
               +--------+--------+--------+--------+--------+-----+--------+
         Total |   6600 |   6256 |    344 |    157 |   5074 |  10 |  660.0 |
       Dungeon |   6406 |   6104 |    302 |    157 |   4929 |   9 |  711.8 |
        Temple |    193 |    151 |     42 |      0 |    145 |   1 |  193.0 |
               +--------+--------+--------+--------+--------+-----+--------+

Top non-repeatable levels by time:
     D:4: 889 daAuts
     D:6: 852 daAuts
     D:8: 778 daAuts
     D:1: 737 daAuts
     D:3: 723 daAuts
     D:5: 665 daAuts
     D:2: 657 daAuts
     D:7: 655 daAuts
     D:9: 446 daAuts
  Temple: 193 daAuts
